 Dungeon Crawl Stone Soup version 0.18.1-50-g88ac8fd (webtiles) character file.

182 Nordron the Covered (level 5, -11/43 HPs)
             Began as a Formicid Fighter on Oct 1, 2016.
             Mangled by Crazy Yiuf
             ... wielding a +4 quarterstaff of chaos
              (13 damage)
             ... on level 2 of the Dungeon.
             The game lasted 00:08:40 (2218 turns).

Nordron the Covered (Formicid Fighter)              Turns: 2218, Time: 00:08:40

Health: -11/43     AC:  7    Str: 20    XL:     5   Next: 93%
Magic:  5/5        EV:  8    Int:  8    God:
Gold:   72         SH:  9    Dex: 11    Spells: 0 memorised, 4 levels left

rFire  . . .     SeeInvis +     p - +1 whip (elec)
rCold  . . .     Gourm    .     b - +0 scale mail
rNeg   . . .     Faith    .     c - +0 shield
rPois  .         Spirit   .     (helmet unavailable)
rElec  .         Dismiss  .     (no cloak)
rCorr  .         Reflect  .     (no gloves)
SustAt .         Harm     .     (no boots)
MR     .....                    (no amulet)
Stlth  ..........               (no ring)
                                (no ring)

@: drained, not resistant to hostile enchantments, extremely unstealthy
A: permanent stasis, dig shafts and tunnels, four strong arms, antennae 3
a: Dig, Shaft Self


You were on level 2 of the Dungeon.
You were not hungry.

You visited 1 branch of the dungeon, and saw 2 of its levels.

You collected 72 gold pieces.

Inventory:

Hand Weapons
 a - a +0 quarterstaff
 p - a +1 whip of electrocution (weapon)
Armour
 b - a +0 scale mail (worn)
 c - a +0 shield (worn)
Scrolls
 e - a scroll of random uselessness {unknown}
 i - a scroll of remove curse {unknown}
 k - a scroll of enchant armour {unknown}
 l - a scroll of enchant weapon {unknown}
 o - a scroll of teleportation {unknown}
 q - 3 scrolls of noise {unknown}
 t - a scroll of recharging {unknown}
Potions
 d - a potion of might
 g - a potion of cancellation {unknown}
 m - 2 potions of heal wounds {unknown}
 n - 2 potions of curing {unknown}
 s - a potion of degeneration {unknown}
 u - 2 potions of lignification {unknown}
Comestibles
 f - a bread ration
 j - a meat ration
 r - 2 fruits


   Skills:
 + Level 4.5(4.2) Fighting
 - Level 2.0(1.7) Staves
 + Level 5.0(4.7) Armour
 + Level 4.8(4.5) Shields


You had 4 spell levels left.
You didn't know any spells.

Dungeon Overview and Level Annotations

Branches:
Dungeon (2/15)

Altars:

Annotations:
D:2 Crazy Yiuf


Innate Abilities, Weirdness & Mutations

You are under a permanent stasis effect.
You can dig through walls and to a lower floor.
Your four strong arms can wield two-handed weapons with a shield.
You have a pair of large antennae on your head (SInv).


Message History

Crazy Yiuf is heavily wounded.
Crazy Yiuf hits you with a quarterstaff of chaos!
Crazy Yiuf freezes you.
You hit Crazy Yiuf but do no damage.
There is a sudden explosion of sparks!
Crazy Yiuf is almost dead.
Crazy Yiuf hits you with a quarterstaff of chaos!
* * * LOW HITPOINT WARNING * * *
x2 You hit Crazy Yiuf but do no damage.
Crazy Yiuf is almost dead.
You block Crazy Yiuf's attack.
You closely miss Crazy Yiuf.
Crazy Yiuf is almost dead.
Crazy Yiuf hits you with a quarterstaff of chaos.
* * * LOW HITPOINT WARNING * * *
You feel drained.
* * * LOW HITPOINT WARNING * * *
You hit Crazy Yiuf.
Crazy Yiuf is almost dead.
Crazy Yiuf hits you with a quarterstaff of chaos!
You die...

...##....##################..####
...'((..........................'
...##...###################[...##
...##...# #....## ...###+##
#....## ...# ####....## ...#
#######........( ...######
###.#............. .....#..#
#@.#.............. ##.#.#.##
#....g####............. ...#.#.#
#)..## ##............ ##...#.##
### ####......... ....##..#
#......... .#...#.## #.........
.#####..####### #...#####.
..............# ....#####.
..####........# .........


You could see Crazy Yiuf.

Vanquished Creatures
  Natasha (twice) (D:2)
  6 gnolls (D:2)
  2 adders (D:2)
  A worm (D:2)
  A dart slug (D:1)
  2 giant geckos
  8 bats
  4 giant cockroaches
  4 goblins
  9 hobgoblins
  3 jackals (D:1)
  2 ball pythons (D:1)
  A giant newt (D:2)
  9 kobolds
  A rat (D:1)
55 creatures vanquished.

Notes
Turn   | Place    | Note
--------------------------------------------------------------
     0 | D:1      | Nordron the Formicid Fighter began the quest for the Orb.
     0 | D:1      | Reached XP level 1. HP: 18/18 MP: 1/1
   127 | D:1      | Reached XP level 2. HP: 9/24 MP: 2/2
   564 | D:1      | Reached skill level 4 in Armour
   686 | D:1      | Reached XP level 3. HP: 29/29 MP: 3/3
  1018 | D:2      | Noticed Natasha
  1029 | D:2      | Killed Natasha
  1029 | D:2      | Reached XP level 4. HP: 18/37 MP: 4/4
  1319 | D:2      | HP: 1/37 [gnoll/halberd (2)]
  1320 | D:2      | Reached XP level 5. HP: 2/42 MP: 5/5
  1786 | D:2      | Noticed Natasha
  1804 | D:2      | Killed Natasha
  1804 | D:2      | Reached skill level 5 in Armour
  2008 | D:2      | Found a faded altar to an unknown god.
  2203 | D:2      | Noticed Crazy Yiuf
  2217 | D:2      | HP: 2/43 [Crazy Yiuf/quarterstaff of chaos (6)]
  2218 | D:2      | Mangled by Crazy Yiuf

Skill      XL: |  1  2  3  4  5 |
---------------+----------------+-----
Armour         | 4 5 |  5.0
Shields        | 4 |  4.8
Fighting       | 4 |  4.5
Staves         | |  2.0

Action                   |  1- 3 |  4- 6 || total
-------------------------+-------+-------++-------
Melee: Quarterstaff      |   148 |    38 ||   186
       Whip              |       |    69 ||    69
  Eat: Chunk             |     1 |     4 ||     5
Armor: Scale mail        |    80 |    28 ||   108
Dodge: Dodged            |    52 |    30 ||    82
Block: Shield            |    84 |    55 ||   139
